Flyers vs Nordiques

Created - 26 septembre 2019 at 16:12

Simulating a Pre-Season

Goals
1 2 3 T
Flyers 0 1 3 4
Nordiques 0 1 1 2
Shots
1 2 3 T
Flyers 9 13 14 36
Nordiques 6 5 18 29

1st period

No Goal

Penalties :
Justin Faulk (PHI) for Hooking (Minor) at 9:20

2nd period

1. Nordiques , Sebastian Aho 2 (Morgan Rielly 3) at 1:18
2. Flyers , Scott Laughton 1 (Kevin Fiala 1, Travis Konecny 2) at 14:35

Penalties :
Neal Pionk (PHI) for Hooking (Minor) at 4:11, Brandon Carlo (PHI) for Tripping (Minor) at 10:22, Jamie Benn (QUE) for Holding (Minor) at 15:21

3rd period

3. Nordiques , Patrick Marleau 1 (Jamie Benn 2, Ben Lovejoy 2) at 1:07
4. Flyers , Sean Kuraly 1 (Brandon Montour 1, Brendan Perlini 1) at 6:05
5. Flyers , Filip Forsberg 2 (Patrick Kane 4, Leon Draisaitl 8) at 10:31
6. Flyers , Patrick Kane 8 (Vincent Trocheck 3) at 19:47 (Empty Net)

Penalties :
Nick Holden (QUE) for Hooking (Minor) at 6:08

Goalie Stats

Casey DeSmith (PHI), 27 saves from 29 shots - (0,931), W, 3-0-0, 60:00 minutes
Roberto Luongo (QUE), 32 saves from 35 shots - (0,914), L, 1-3-1, 59:26 minutes

Players Stats for Flyers

Player Name              G  A  P  +/- PIM S  H  SB GA TA FO     MP     PP MP  PK MP  
------------------------------------------------------------------------------------
Brandon Carlo            0  0  0   1  2   1  0  0  0  0  0/0    14:05   0:00   2:01 
Brandon Montour          0  1  1  -1  0   3  1  5  1  0  0/0    19:28   1:37   0:00 
Brendan Perlini          0  1  1   1  0   0  0  2  1  0  0/0     7:38   0:00   0:00 
Calle Jarnkrok           0  0  0   1  0   3  0  0  1  1  1/5    11:35   0:09   3:23 
Casey Cizikas            0  0  0   1  0   0  2  1  0  0  3/7    17:40   1:46   3:05 
Filip Forsberg           1  0  1   1  0   3  2  0  1  0  0/2    16:26   2:03   0:00 
Jakub Vrana              0  0  0  -1  0   2  0  1  0  0  0/1    16:23   1:46   0:00 
Justin Faulk             0  0  0   2  2   1  1  2  0  0  0/0    25:03   2:21   1:36 
Kevin Fiala              0  1  1   0  0   2  0  0  0  0  0/3    11:51   0:00   0:00 
Leon Draisaitl           0  1  1   1  0   4  1  0  0  0  13/20  18:22   2:03   1:29 
Mike Matheson            0  0  0  -1  0   0  2  3  0  0  0/0    21:55   1:37   3:05 
Neal Pionk               0  0  0   2  2   2  0  2  0  0  0/0    25:11   2:21   2:20 
Nikita Zadorov           0  0  0   1  0   2  3  1  0  2  0/0    14:56   0:00   2:52 
Patrick Kane             1  1  2   2  0   5  1  0  0  1  0/0    17:10   2:03   0:00 
Scott Laughton           1  0  1   0  0   2  1  0  0  0  2/2    13:41   0:09   1:30 
Sean Kuraly              1  0  1   1  0   3  0  0  0  0  1/4     9:08   0:00   1:30 
Travis Konecny           0  1  1  -1  0   3  2  0  1  0  0/0    16:21   0:09   0:57 
Vincent Trocheck         0  1  1   0  0   0  4  0  0  0  5/14   17:07   1:46   0:00 

Players Stats for Nordiques

Player Name              G  A  P  +/- PIM S  H  SB GA TA FO     MP     PP MP  PK MP  
------------------------------------------------------------------------------------
Alexander Wennberg       0  0  0  -2  0   1  0  0  1  0  8/14   16:52   3:03   1:13 
Ben Lovejoy              0  1  1  -2  0   0  2  6  0  2  0/0    26:06   3:43   1:52 
Chris Bourque            0  0  0   0  0   0  0  0  0  0  0/0     0:00   0:00   0:00 
Chris Kunitz             0  0  0   0  0   1  0  0  0  0  0/0     7:49   0:00   0:47 
Connor Brown             0  0  0  -1  0   1  2  1  0  0  0/0    12:16   0:00   0:00 
Evander Kane             0  0  0  -2  0   2  3  2  0  0  0/0    16:36   3:03   0:48 
Hudson Fasching          0  0  0   0  0   0  1  0  1  0  0/0     7:02   0:00   0:00 
Ian McCoshen             0  0  0   1  0   0  0  0  0  0  0/0     3:55   0:00   0:35 
Jamie Benn               0  1  1   1  2   4  1  0  0  0  1/2    21:48   2:54   0:53 
Luke Glendening          0  0  0  -2  0   1  0  0  0  0  1/1    15:36   3:03   0:00 
Marcus Pettersson        0  0  0  -1  0   0  0  1  0  1  0/0    10:42   0:00   0:00 
Mathieu Perreault        0  0  0  -1  0   3  0  0  0  0  6/9    13:39   0:00   1:20 
Morgan Rielly            0  1  1  -1  0   5  3  1  1  0  0/0    28:55   3:43   1:52 
Nick Holden              0  0  0   0  2   3  0  1  0  0  0/0    18:53   2:14   0:56 
Patrick Brown            0  0  0   0  0   1  1  0  0  0  3/4     7:18   0:00   0:16 
Patrick Marleau          1  0  1   1  0   3  2  0  0  0  0/2    21:38   2:54   0:33 
Paul Carey               0  0  0  -1  0   2  0  1  0  0  0/0    12:16   0:00   0:00 
Sebastian Aho            1  0  1   1  0   1  0  0  1  0  14/26  22:59   2:54   2:06 
Shayne Gostisbehere      0  0  0   0  0   1  1  3  0  1  0/0    20:23   2:14   2:06 
Travis Sanheim           0  0  0  -1  0   0  0  0  0  1  0/0    11:17   0:00   0:35 

3 Stars

1 - Patrick Kane (PHI)
2 - Filip Forsberg (PHI)
3 - Sean Kuraly (PHI)

Power Play

Flyers - 0 on 2 Attempt(s) - 0,00%
Nordiques - 0 on 3 Attempt(s) - 0,00%

Penalty Kill

Flyers - 3 on 3 Attempt(s) - 100,00% - Score 0 goal in Penalty Kill
Nordiques - 2 on 2 Attempt(s) - 100,00% - Score 0 goal in Penalty Kill

Team Stat

Flyers - Hits : 20 - Faceoff Wins : 25 - Blocked Shots : 17 - Penalty Minutes : 6
Nordiques - Hits : 16 - Faceoff Wins : 33 - Blocked Shots : 16 - Penalty Minutes : 4

Official

Referees : Tim Peel and Steve Kozari
Linesman : Greg Devorski and Steve Miller

Game Notes

Patrick Kane has scored in a empty net!

Flyers

5 vs 5 Forward 
   Center                   Left Wing                Right Wing               Time % Phy DF OF 
 1 Leon Draisaitl           Filip Forsberg           Patrick Kane             34     1   2  2  
 2 Vincent Trocheck         Jakub Vrana              Travis Konecny           33     1   2  2  
 3 Casey Cizikas            Scott Laughton           Kevin Fiala              23     1   2  2  
 4 Sean Kuraly              Brendan Perlini          Calle Jarnkrok           10     1   2  2  

5 vs 5 Defense 
   Defense                  Defense                                           Time % Phy DF OF 
 1 Justin Faulk             Neal Pionk                                        40     1   2  2  
 2 Brandon Montour          Mike Matheson                                     35     1   2  2  
 3 Nikita Zadorov           Brandon Carlo                                     25     1   2  2  
 4 Justin Faulk             Brandon Montour                                   0      1   2  2  

PowerPlay Forward 
   Center                   Left Wing                Right Wing               Time % Phy DF OF 
 1 Leon Draisaitl           Patrick Kane             Filip Forsberg           60     1   2  2  
 2 Vincent Trocheck         Jakub Vrana              Casey Cizikas            40     1   2  2  

PowerPlay Defense
   Defense                  Defense                                           Time % Phy DF OF 
 1 Justin Faulk             Neal Pionk                                        60     1   2  2  
 2 Brandon Montour          Mike Matheson                                     40     1   2  2  

Penalty Kill 4 Players Forward 
   Center                   Wing                     Time % Phy DF OF 
 1 Calle Jarnkrok           Casey Cizikas            60     1   2  2  
 2 Scott Laughton           Sean Kuraly              40     1   2  2  

Penalty Kill 4 Players Defense
   Defense                  Defense                  Time % Phy DF OF 
 1 Mike Matheson            Neal Pionk               60     1   2  2  
 2 Brandon Carlo            Nikita Zadorov           40     1   2  2  

Penalty Kill - 3 Players Forward 
   Forward                                           Time % Phy DF OF 
 1 Casey Cizikas                                     60     1   2  2  
 2 Scott Laughton                                    40     1   2  2  

Penalty Kill - 3 Players Defense
   Defense                  Defense                  Time % Phy DF OF 
 1 Neal Pionk               Mike Matheson            60     1   2  2  
 2 Nikita Zadorov           Brandon Carlo            40     1   2  2  

4 vs 4 Forward 
   Center                   Wing                     Time % Phy DF OF 
 1 Leon Draisaitl           Patrick Kane             60     1   2  2  
 2 Vincent Trocheck         Filip Forsberg           40     1   2  2  

4 vs 4 Defense
   Defense                  Defense                  Time % Phy DF OF 
 1 Justin Faulk             Neal Pionk               60     1   2  2  
 2 Brandon Montour          Mike Matheson            40     1   2  2  

Last Minutes Offensive
   Center                   Left Wing                Right Wing               Defense                  Defense                  
   Leon Draisaitl           Filip Forsberg           Patrick Kane             Justin Faulk             Brandon Montour          

Last Minutes Defensive
   Center                   Left Wing                Right Wing               Defense                  Defense                  
   Vincent Trocheck         Casey Cizikas            Patrick Kane             Neal Pionk               Mike Matheson            

Goaltenders
Starting : Casey DeSmith            
Backup : Matt Murray              

Extra Forwards
Normal : Calle Jarnkrok, Jakub Vrana, Scott Laughton - PP : Travis Konecny, Jakub Vrana - PK : Calle Jarnkrok
Extra Defensemen
Normal : Nikita Zadorov, Brandon Carlo, Neal Pionk - PP : Nikita Zadorov - PK : Justin Faulk, Neal Pionk
Penalty Shots
Patrick Kane, Leon Draisaitl, Jakub Vrana, Vincent Trocheck, Casey Cizikas
Custom OT Lines Forwards
Patrick Kane, Leon Draisaitl, Filip Forsberg, Vincent Trocheck, Casey Cizikas, Scott Laughton, Kevin Fiala, Jakub Vrana, Calle Jarnkrok, Sean Kuraly
Custom OT Lines Defensemen
Justin Faulk, Brandon Montour, Neal Pionk, Mike Matheson, Nikita Zadorov

Scratches
Kevin Labanc (Healthy), T.J. Brodie (Healthy), Ryan Hitchcock (Healthy)

Nordiques

5 vs 5 Forward 
   Center                   Left Wing                Right Wing               Time % Phy DF OF 
 1 Sebastian Aho            Jamie Benn               Patrick Marleau          40     1   2  2  
 2 Alexander Wennberg       Evander Kane             Luke Glendening          30     1   2  2  
 3 Mathieu Perreault        Paul Carey               Connor Brown             20     1   2  2  
 4 Patrick Brown            Chris Kunitz             Hudson Fasching          10     1   2  2  

5 vs 5 Defense 
   Defense                  Defense                                           Time % Phy DF OF 
 1 Morgan Rielly            Ben Lovejoy                                       40     1   2  2  
 2 Shayne Gostisbehere      Nick Holden                                       30     1   2  2  
 3 Marcus Pettersson        Travis Sanheim                                    20     1   2  2  
 4 Ian McCoshen             Morgan Rielly                                     10     1   2  2  

PowerPlay Forward 
   Center                   Left Wing                Right Wing               Time % Phy DF OF 
 1 Sebastian Aho            Jamie Benn               Patrick Marleau          60     1   2  2  
 2 Alexander Wennberg       Evander Kane             Luke Glendening          40     1   2  2  

PowerPlay Defense
   Defense                  Defense                                           Time % Phy DF OF 
 1 Morgan Rielly            Ben Lovejoy                                       60     1   2  2  
 2 Shayne Gostisbehere      Nick Holden                                       40     1   2  2  

Penalty Kill 4 Players Forward 
   Center                   Wing                     Time % Phy DF OF 
 1 Sebastian Aho            Jamie Benn               60     1   2  2  
 2 Evander Kane             Patrick Marleau          40     1   2  2  

Penalty Kill 4 Players Defense
   Defense                  Defense                  Time % Phy DF OF 
 1 Morgan Rielly            Ben Lovejoy              60     1   2  2  
 2 Shayne Gostisbehere      Nick Holden              40     1   2  2  

Penalty Kill - 3 Players Forward 
   Forward                                           Time % Phy DF OF 
 1 Sebastian Aho                                     60     1   2  2  
 2 Jamie Benn                                        40     1   2  2  

Penalty Kill - 3 Players Defense
   Defense                  Defense                  Time % Phy DF OF 
 1 Morgan Rielly            Ben Lovejoy              60     1   2  2  
 2 Shayne Gostisbehere      Nick Holden              40     1   2  2  

4 vs 4 Forward 
   Center                   Wing                     Time % Phy DF OF 
 1 Sebastian Aho            Jamie Benn               60     1   2  2  
 2 Evander Kane             Patrick Marleau          40     1   2  2  

4 vs 4 Defense
   Defense                  Defense                  Time % Phy DF OF 
 1 Morgan Rielly            Ben Lovejoy              60     1   2  2  
 2 Shayne Gostisbehere      Nick Holden              40     1   2  2  

Last Minutes Offensive
   Center                   Left Wing                Right Wing               Defense                  Defense                  
   Sebastian Aho            Jamie Benn               Patrick Marleau          Morgan Rielly            Ben Lovejoy              

Last Minutes Defensive
   Center                   Left Wing                Right Wing               Defense                  Defense                  
   Sebastian Aho            Jamie Benn               Patrick Marleau          Morgan Rielly            Ben Lovejoy              

Goaltenders
Starting : Roberto Luongo           
Backup : Brad Thiessen            

Extra Forwards
Normal : Chris Bourque, Connor Brown, Mathieu Perreault - PP : Chris Bourque, Connor Brown - PK : Mathieu Perreault
Extra Defensemen
Normal : Marcus Pettersson, Travis Sanheim, Ian McCoshen - PP : Marcus Pettersson - PK : Travis Sanheim, Ian McCoshen
Penalty Shots
Sebastian Aho, Jamie Benn, Evander Kane, Patrick Marleau, Alexander Wennberg
Custom OT Lines Forwards
Sebastian Aho, Jamie Benn, Evander Kane, Patrick Marleau, Alexander Wennberg, Luke Glendening, Connor Brown, Mathieu Perreault, Paul Carey, Chris Kunitz
Custom OT Lines Defensemen
Morgan Rielly, Ben Lovejoy, Shayne Gostisbehere, Nick Holden, Marcus Pettersson

Scratches
Peter Budaj (Healthy)

% Time on Ice - Flyers

Lines # - Real PCT - Wanted PCT - Time Play
Normal Forward
1 - 31% - 34% - 15:15
2 - 30% - 33% - 14:37
3 - 24% - 23% - 11:51
4 - 15% - 10% - 7:38
Normal Defense
1 - 39% - 40% - 19:26
2 - 35% - 35% - 17:19
3 - 24% - 25% - 11:51
4 - 2% - 0% - 0:45
PP Forward
1 - 55% - 60% - 2:12
2 - 45% - 40% - 1:46
PP Defense
1 - 59% - 60% - 2:21
2 - 41% - 40% - 1:37
PK Forward
1 - 75% - 60% - 4:27
2 - 25% - 40% - 1:30
PK Defense
1 - 52% - 60% - 3:05
2 - 48% - 40% - 2:52
PK3 Forward
1 - 0% - 60%
2 - 0% - 40%
PK3 Defense
1 - 0% - 60%
2 - 0% - 40%
44 Forward
1 - 0% - 60%
2 - 0% - 40%
44 Defense
1 - 0% - 60%
2 - 0% - 40%
Last Minute Offensive  - 0:00
Last Minute Defensive  - 0:44
Total
Forward - 60:00
Defense - 60:00

% Time on Ice - Nordiques

Lines # - Real PCT - Wanted PCT - Time Play
Normal Forward
1 - 35% - 40% - 17:19
2 - 26% - 30% - 12:45
3 - 25% - 20% - 12:16
4 - 14% - 10% - 7:02
Normal Defense
1 - 40% - 40% - 19:55
2 - 32% - 30% - 15:56
3 - 22% - 20% - 10:42
4 - 6% - 10% - 2:49
PP Forward
1 - 49% - 60% - 2:54
2 - 51% - 40% - 3:03
PP Defense
1 - 62% - 60% - 3:43
2 - 38% - 40% - 2:14
PK Forward
1 - 86% - 60% - 3:25
2 - 14% - 40% - 0:33
PK Defense
1 - 47% - 60% - 1:52
2 - 53% - 40% - 2:06
PK3 Forward
1 - 0% - 60%
2 - 0% - 40%
PK3 Defense
1 - 0% - 60%
2 - 0% - 40%
44 Forward
1 - 0% - 60%
2 - 0% - 40%
44 Defense
1 - 0% - 60%
2 - 0% - 40%
Last Minute Offensive  - 0:43
Last Minute Defensive  - 0:00
Total
Forward - 60:00
Defense - 60:00

Play-by-Play

1st period


0:01 of 1st period - Leon Draisaitl wins face-off versus Sebastian Aho in neutral zone.
0:33 of 1st period - Slapshot by Travis Konecny.
0:33 of 1st period - Stopped by Roberto Luongo without a rebound.
0:34 of 1st period - Casey Cizikas wins face-off versus Mathieu Perreault in Nordiques zone.
0:41 of 1st period - Wrist shot by Kevin Fiala.
0:41 of 1st period - Shot Blocked by Paul Carey.
0:43 of 1st period - Snap shot by Casey Cizikas.
0:43 of 1st period - Shot Blocked by Connor Brown.
0:45 of 1st period - Wrist shot by Scott Laughton.
0:45 of 1st period - Deflect By Kevin Fiala.
0:45 of 1st period - Shot Misses the Net.
0:45 of 1st period - Puck is out of play.
0:46 of 1st period - Patrick Brown wins face-off versus Sean Kuraly in Nordiques zone.
1:21 of 1st period - Wrist shot by Travis Konecny.
1:21 of 1st period - Shot Blocked by Evander Kane.
1:54 of 1st period - Sebastian Aho is hit by Leon Draisaitl and loses puck.
2:35 of 1st period - Slapshot by Patrick Kane.
2:35 of 1st period - Stopped by Roberto Luongo without a rebound.
2:36 of 1st period - Mathieu Perreault wins face-off versus Casey Cizikas in Nordiques zone.
2:36 of 1st period - Mathieu Perreault is hit by Scott Laughton.
2:50 of 1st period - Wrist shot by Mathieu Perreault.
2:50 of 1st period - Stopped by Casey DeSmith with a rebound.
3:43 of 1st period - Paul Carey is hit by Nikita Zadorov and loses puck.
4:12 of 1st period - Jakub Vrana is hit by Patrick Brown and loses puck.
4:22 of 1st period - Icing by Mike Matheson.
4:23 of 1st period - Mathieu Perreault wins face-off versus Vincent Trocheck in Flyers zone.
4:30 of 1st period - Wrist shot by Jamie Benn.
4:30 of 1st period - Stopped by Casey DeSmith without a rebound.
4:31 of 1st period - Casey Cizikas wins face-off versus Sebastian Aho in Flyers zone.
4:36 of 1st period - Snap shot by Kevin Fiala.
4:36 of 1st period - Stopped by Roberto Luongo with a rebound.
4:38 of 1st period - Snap shot by Casey Cizikas.
4:38 of 1st period - Shot Blocked by Ben Lovejoy.
5:19 of 1st period - Snap shot by Evander Kane.
5:19 of 1st period - Stopped by Casey DeSmith without a rebound.
5:20 of 1st period - Alexander Wennberg wins face-off versus Leon Draisaitl in Flyers zone.
6:33 of 1st period - Slapshot by Jakub Vrana.
6:33 of 1st period - Shot Misses the Net.
6:35 of 1st period - Snap shot by Neal Pionk.
6:35 of 1st period - Stopped by Roberto Luongo with a rebound.
6:37 of 1st period - Wrist shot by Vincent Trocheck.
6:37 of 1st period - Shot Blocked by Evander Kane.
7:10 of 1st period - Slapshot by Travis Sanheim.
7:10 of 1st period - Shot Misses the Net.
7:45 of 1st period - Leon Draisaitl is hit by Evander Kane and loses puck.
7:56 of 1st period - Wrist shot by Evander Kane.
7:56 of 1st period - Deflect By Alexander Wennberg.
7:56 of 1st period - Shot Misses the Net.
7:56 of 1st period - Puck is out of play.
7:57 of 1st period - Vincent Trocheck wins face-off versus Sebastian Aho in Flyers zone.
8:29 of 1st period - Slapshot by Morgan Rielly.
8:29 of 1st period - Stopped by Casey DeSmith with a rebound.
8:45 of 1st period - Justin Faulk is hit by Morgan Rielly and loses puck.
8:52 of 1st period - Snap shot by Mathieu Perreault.
8:52 of 1st period - Shot Misses the Net.
9:08 of 1st period - Wrist shot by Chris Kunitz.
9:08 of 1st period - Stopped by Casey DeSmith with a rebound.
9:10 of 1st period - Backhand shot by Nick Holden.
9:10 of 1st period - Stopped by Casey DeSmith with a rebound.
9:12 of 1st period - Slapshot by Marcus Pettersson.
9:12 of 1st period - Shot Blocked by Neal Pionk.
9:14 of 1st period - Wrist shot by Chris Kunitz.
9:14 of 1st period - Shot Misses the Net.
9:20 of 1st period - Minor Penalty to Justin Faulk for Hooking.
9:21 of 1st period - Sebastian Aho wins face-off versus Calle Jarnkrok in Flyers zone.
9:22 of 1st period - Snap shot by Jamie Benn.
9:22 of 1st period - Shot Misses the Net.
9:24 of 1st period - Snap shot by Jamie Benn.
9:24 of 1st period - Shot Blocked by Casey Cizikas.
9:26 of 1st period - Snap shot by Patrick Marleau.
9:26 of 1st period - Shot Misses the Net.
11:07 of 1st period - Icing by Nick Holden.
11:08 of 1st period - Sebastian Aho wins face-off versus Casey Cizikas in Nordiques zone.
11:20 of 1st period - Penalty to Justin Faulk is over, Justin Faulk is back on ice.
11:24 of 1st period - Snap shot by Calle Jarnkrok.
11:24 of 1st period - Shot Hit the Post.
11:32 of 1st period - Snap shot by Mathieu Perreault.
11:32 of 1st period - Deflect By Connor Brown.
11:32 of 1st period - Shot Blocked by Nikita Zadorov.
11:32 of 1st period - Puck is out of play.
11:33 of 1st period - Vincent Trocheck wins face-off versus Mathieu Perreault in Flyers zone.
11:59 of 1st period - Patrick Marleau is hit by Brandon Montour and loses puck.
12:08 of 1st period - Slapshot by Sebastian Aho.
12:08 of 1st period - Shot Blocked by Brandon Montour.
12:31 of 1st period - Travis Sanheim is hit by Casey Cizikas.
12:32 of 1st period - Icing by Travis Sanheim.
12:33 of 1st period - Luke Glendening wins face-off versus Vincent Trocheck in Nordiques zone.
12:33 of 1st period - Luke Glendening is hit by Vincent Trocheck.
12:45 of 1st period - Wrist shot by Evander Kane.
12:45 of 1st period - Deflect By Alexander Wennberg.
12:45 of 1st period - Shot Misses the Net.
12:45 of 1st period - Puck is out of play.
12:46 of 1st period - Sebastian Aho wins face-off versus Jakub Vrana in Flyers zone.
12:49 of 1st period - Snap shot by Jamie Benn.
12:49 of 1st period - Shot Misses the Net.
13:01 of 1st period - Snap shot by Jakub Vrana.
13:01 of 1st period - Stopped by Roberto Luongo without a rebound.
13:02 of 1st period - Alexander Wennberg wins face-off versus Leon Draisaitl in Nordiques zone.
13:48 of 1st period - Snap shot by Jakub Vrana.
13:48 of 1st period - Deflect By Casey Cizikas.
13:48 of 1st period - Shot Misses the Net.
13:48 of 1st period - Puck is out of play.
13:49 of 1st period - Mathieu Perreault wins face-off versus Kevin Fiala in Nordiques zone.
14:03 of 1st period - Wrist shot by Casey Cizikas.
14:03 of 1st period - Deflect By Kevin Fiala.
14:03 of 1st period - Shot Blocked by Ben Lovejoy.
14:03 of 1st period - Puck is out of play.
14:04 of 1st period - Leon Draisaitl wins face-off versus Patrick Marleau in Nordiques zone.
14:05 of 1st period - Wrist shot by Patrick Kane.
14:05 of 1st period - Shot Blocked by Ben Lovejoy.
14:11 of 1st period - Patrick Kane is hit by Patrick Marleau and loses puck.
14:30 of 1st period - Ben Lovejoy is hit by Vincent Trocheck and loses puck.
14:43 of 1st period - Nick Holden is hit by Vincent Trocheck and loses puck.
14:56 of 1st period - Alexander Wennberg is hit by Nikita Zadorov and loses puck.
15:21 of 1st period - Snap shot by Jamie Benn.
15:21 of 1st period - Shot Blocked by Brendan Perlini.
16:07 of 1st period - Slapshot by Shayne Gostisbehere.
16:07 of 1st period - Shot Blocked by Brandon Montour.
16:36 of 1st period - Snap shot by Calle Jarnkrok.
16:36 of 1st period - Stopped by Roberto Luongo with a rebound.
17:07 of 1st period - Slapshot by Patrick Kane.
17:07 of 1st period - Stopped by Roberto Luongo with a rebound.
17:45 of 1st period - Slapshot by Morgan Rielly.
17:45 of 1st period - Shot Blocked by Neal Pionk.
17:47 of 1st period - Snap shot by Paul Carey.
17:47 of 1st period - Shot Blocked by Justin Faulk.
18:05 of 1st period - Travis Sanheim is hit by Justin Faulk and loses puck.
18:52 of 1st period - Travis Sanheim is hit by Vincent Trocheck and loses puck.
19:03 of 1st period - Travis Sanheim is hit by Casey Cizikas and loses puck.
19:12 of 1st period - Wrist shot by Kevin Fiala.
19:12 of 1st period - Stopped by Roberto Luongo with a rebound.
19:48 of 1st period - Snap shot by Leon Draisaitl.
19:48 of 1st period - Stopped by Roberto Luongo without a rebound.
19:49 of 1st period - Leon Draisaitl wins face-off versus Patrick Marleau in Nordiques zone.
Goals for this period are 0 for Flyers vs 0 for Nordiques.
Shots for this period are 9 for Flyers vs 6 for Nordiques.

2nd period


0:01 of 2nd period - Sebastian Aho wins face-off versus Vincent Trocheck in neutral zone.
0:16 of 2nd period - Snap shot by Morgan Rielly.
0:16 of 2nd period - Shot Blocked by Mike Matheson.
0:45 of 2nd period - Slapshot by Filip Forsberg.
0:45 of 2nd period - Stopped by Roberto Luongo without a rebound.
0:46 of 2nd period - Mathieu Perreault wins face-off versus Kevin Fiala in Nordiques zone.
1:00 of 2nd period - Wrist shot by Kevin Fiala.
1:00 of 2nd period - Shot Blocked by Ben Lovejoy.
1:02 of 2nd period - Slapshot by Neal Pionk.
1:02 of 2nd period - Deflect By Casey Cizikas.
1:02 of 2nd period - Shot Misses the Net.
1:02 of 2nd period - Puck is out of play.
1:03 of 2nd period - Sebastian Aho wins face-off versus Vincent Trocheck in Nordiques zone.
1:18 of 2nd period - Wrist shot by Sebastian Aho.
1:18 of 2nd period - Goal by Sebastian Aho - Flyers : 0 - Nordiques : 1.
1:19 of 2nd period - Sebastian Aho wins face-off versus Leon Draisaitl in neutral zone.
1:46 of 2nd period - Travis Konecny is hit by Morgan Rielly.
2:18 of 2nd period - Snap shot by Alexander Wennberg.
2:18 of 2nd period - Deflect By Brandon Montour.
2:18 of 2nd period - Shot Misses the Net.
2:18 of 2nd period - Puck is out of play.
2:19 of 2nd period - Leon Draisaitl wins face-off versus Sebastian Aho in Flyers zone.
2:26 of 2nd period - Snap shot by Filip Forsberg.
2:26 of 2nd period - Stopped by Roberto Luongo with a rebound.
2:28 of 2nd period - Wrist shot by Filip Forsberg.
2:28 of 2nd period - Shot Misses the Net.
2:30 of 2nd period - Snap shot by Leon Draisaitl.
2:30 of 2nd period - Shot Misses the Net.
2:46 of 2nd period - Jakub Vrana is hit by Shayne Gostisbehere and loses puck.
3:34 of 2nd period - Slapshot by Jamie Benn.
3:34 of 2nd period - Shot Misses the Net.
3:42 of 2nd period - Snap shot by Kevin Fiala.
3:42 of 2nd period - Shot Misses the Net.
3:44 of 2nd period - Slapshot by Brandon Montour.
3:44 of 2nd period - Stopped by Roberto Luongo with a rebound.
4:08 of 2nd period - Slapshot by Morgan Rielly.
4:08 of 2nd period - Stopped by Casey DeSmith without a rebound.
4:09 of 2nd period - Leon Draisaitl wins face-off versus Alexander Wennberg in Flyers zone.
4:11 of 2nd period - Minor Penalty to Neal Pionk for Hooking.
4:12 of 2nd period - Alexander Wennberg wins face-off versus Calle Jarnkrok in Flyers zone.
4:21 of 2nd period - Icing by Evander Kane.
4:22 of 2nd period - Alexander Wennberg wins face-off versus Calle Jarnkrok in Nordiques zone.
4:33 of 2nd period - Snap shot by Evander Kane.
4:33 of 2nd period - Stopped by Casey DeSmith without a rebound.
4:34 of 2nd period - Sebastian Aho wins face-off versus Calle Jarnkrok in Flyers zone.
4:43 of 2nd period - Slapshot by Sebastian Aho.
4:43 of 2nd period - Shot Misses the Net.
6:11 of 2nd period - Penalty to Neal Pionk is over, Neal Pionk is back on ice.
6:30 of 2nd period - Brandon Montour is hit by Connor Brown and loses puck.
6:59 of 2nd period - Luke Glendening is hit by Nikita Zadorov.
7:53 of 2nd period - Marcus Pettersson is hit by Mike Matheson and loses puck.
8:42 of 2nd period - Slapshot by Morgan Rielly.
8:42 of 2nd period - Shot Blocked by Brandon Montour.
9:17 of 2nd period - Slapshot by Mathieu Perreault.
9:17 of 2nd period - Shot Blocked by Brendan Perlini.
9:28 of 2nd period - Off-side.
9:29 of 2nd period - Leon Draisaitl wins face-off versus Alexander Wennberg in neutral zone.
10:05 of 2nd period - Snap shot by Scott Laughton.
10:05 of 2nd period - Stopped by Roberto Luongo without a rebound.
10:06 of 2nd period - Vincent Trocheck wins face-off versus Alexander Wennberg in Nordiques zone.
10:07 of 2nd period - Snap shot by Jakub Vrana.
10:07 of 2nd period - Stopped by Roberto Luongo with a rebound.
10:09 of 2nd period - Wrist shot by Travis Konecny.
10:09 of 2nd period - Shot Misses the Net.
10:11 of 2nd period - Slapshot by Nikita Zadorov.
10:11 of 2nd period - Stopped by Roberto Luongo without a rebound.
10:12 of 2nd period - Alexander Wennberg wins face-off versus Vincent Trocheck in Nordiques zone.
10:22 of 2nd period - Minor Penalty to Brandon Carlo for Tripping.
10:23 of 2nd period - Calle Jarnkrok wins face-off versus Sebastian Aho in Flyers zone.
12:22 of 2nd period - Penalty to Brandon Carlo is over, Brandon Carlo is back on ice.
13:24 of 2nd period - Icing by Nikita Zadorov.
13:25 of 2nd period - Patrick Brown wins face-off versus Vincent Trocheck in Flyers zone.
13:36 of 2nd period - Brandon Carlo is hit by Hudson Fasching and loses puck.
13:47 of 2nd period - Jakub Vrana is hit by Evander Kane and loses puck.
14:05 of 2nd period - Snap shot by Vincent Trocheck.
14:05 of 2nd period - Shot Blocked by Ben Lovejoy.
14:35 of 2nd period - Snap shot by Scott Laughton.
14:35 of 2nd period - Goal by Scott Laughton - Flyers : 1 - Nordiques : 1.
14:36 of 2nd period - Leon Draisaitl wins face-off versus Sebastian Aho in neutral zone.
14:52 of 2nd period - Icing by Jamie Benn.
14:53 of 2nd period - Sebastian Aho wins face-off versus Casey Cizikas in Nordiques zone.
15:21 of 2nd period - Minor Penalty to Jamie Benn for Holding.
15:22 of 2nd period - Sebastian Aho wins face-off versus Leon Draisaitl in Nordiques zone.
16:08 of 2nd period - Nick Holden is hit by Filip Forsberg and loses puck.
17:21 of 2nd period - Penalty to Jamie Benn is over, Jamie Benn is back on ice.
17:33 of 2nd period - Snap shot by Paul Carey.
17:33 of 2nd period - Deflect By Mathieu Perreault.
17:33 of 2nd period - Stopped by Casey DeSmith without a rebound.
17:34 of 2nd period - Sean Kuraly wins face-off versus Mathieu Perreault in Flyers zone.
17:45 of 2nd period - Snap shot by Brendan Perlini.
17:45 of 2nd period - Shot Blocked by Marcus Pettersson.
17:47 of 2nd period - Snap shot by Sean Kuraly.
17:47 of 2nd period - Stopped by Roberto Luongo with a rebound.
17:49 of 2nd period - Slapshot by Brandon Carlo.
17:49 of 2nd period - Stopped by Roberto Luongo with a rebound.
18:24 of 2nd period - Vincent Trocheck is hit by Evander Kane and loses puck.
19:08 of 2nd period - Wrist shot by Leon Draisaitl.
19:08 of 2nd period - Shot Misses the Net.
19:10 of 2nd period - Slapshot by Neal Pionk.
19:10 of 2nd period - Shot Blocked by Shayne Gostisbehere.
19:12 of 2nd period - Slapshot by Justin Faulk.
19:12 of 2nd period - Stopped by Roberto Luongo with a rebound.
19:22 of 2nd period - Snap shot by Calle Jarnkrok.
19:22 of 2nd period - Stopped by Roberto Luongo with a rebound.
19:24 of 2nd period - Slapshot by Brandon Montour.
19:24 of 2nd period - Stopped by Roberto Luongo with a rebound.
19:26 of 2nd period - Snap shot by Sean Kuraly.
19:26 of 2nd period - Stopped by Roberto Luongo without a rebound.
19:27 of 2nd period - Alexander Wennberg wins face-off versus Sean Kuraly in Nordiques zone.
19:27 of 2nd period - Alexander Wennberg is hit by Mike Matheson.
19:40 of 2nd period - Wrist shot by Alexander Wennberg.
19:40 of 2nd period - Stopped by Casey DeSmith without a rebound.
19:41 of 2nd period - Leon Draisaitl wins face-off versus Alexander Wennberg in Flyers zone.
19:48 of 2nd period - Morgan Rielly is hit by Patrick Kane and loses puck.
Goals for this period are 1 for Flyers vs 1 for Nordiques.
Shots for this period are 13 for Flyers vs 5 for Nordiques.

3rd period


0:01 of 3rd period - Leon Draisaitl wins face-off versus Sebastian Aho in neutral zone.
0:14 of 3rd period - Patrick Kane is hit by Morgan Rielly and loses puck.
0:40 of 3rd period - Wrist shot by Sebastian Aho.
0:40 of 3rd period - Shot Misses the Net.
0:42 of 3rd period - Slapshot by Patrick Marleau.
0:42 of 3rd period - Stopped by Casey DeSmith with a rebound.
0:44 of 3rd period - Slapshot by Jamie Benn.
0:44 of 3rd period - Shot Misses the Net.
0:56 of 3rd period - Snap shot by Jamie Benn.
0:56 of 3rd period - Stopped by Casey DeSmith with a rebound.
0:58 of 3rd period - Slapshot by Ben Lovejoy.
0:58 of 3rd period - Shot Blocked by Brandon Montour.
1:03 of 3rd period - Slapshot by Patrick Marleau.
1:03 of 3rd period - Stopped by Casey DeSmith with a rebound.
1:05 of 3rd period - Slapshot by Jamie Benn.
1:05 of 3rd period - Shot Misses the Net.
1:07 of 3rd period - Wrist shot by Patrick Marleau.
1:07 of 3rd period - Goal by Patrick Marleau - Flyers : 1 - Nordiques : 2.
1:08 of 3rd period - Leon Draisaitl wins face-off versus Alexander Wennberg in neutral zone.
1:35 of 3rd period - Mathieu Perreault is hit by Travis Konecny and loses puck.
1:44 of 3rd period - Snap shot by Paul Carey.
1:44 of 3rd period - Stopped by Casey DeSmith without a rebound.
1:45 of 3rd period - Scott Laughton wins face-off versus Alexander Wennberg in Flyers zone.
1:58 of 3rd period - Snap shot by Morgan Rielly.
1:58 of 3rd period - Shot Misses the Net.
2:12 of 3rd period - Filip Forsberg is hit by Ben Lovejoy.
2:16 of 3rd period - Snap shot by Jamie Benn.
2:16 of 3rd period - Shot Blocked by Brandon Montour.
3:06 of 3rd period - Wrist shot by Chris Kunitz.
3:06 of 3rd period - Shot Misses the Net.
3:08 of 3rd period - Snap shot by Patrick Brown.
3:08 of 3rd period - Stopped by Casey DeSmith with a rebound.
3:10 of 3rd period - Slapshot by Travis Sanheim.
3:10 of 3rd period - Shot Misses the Net.
3:48 of 3rd period - Wrist shot by Filip Forsberg.
3:48 of 3rd period - Shot Misses the Net.
3:50 of 3rd period - Slapshot by Neal Pionk.
3:50 of 3rd period - Stopped by Roberto Luongo with a rebound.
4:05 of 3rd period - Off-side.
4:06 of 3rd period - Mathieu Perreault wins face-off versus Vincent Trocheck in neutral zone.
4:40 of 3rd period - Slapshot by Brandon Carlo.
4:40 of 3rd period - Shot Blocked by Shayne Gostisbehere.
4:52 of 3rd period - Snap shot by Travis Konecny.
4:52 of 3rd period - Shot Blocked by Nick Holden.
5:08 of 3rd period - Wrist shot by Travis Konecny.
5:08 of 3rd period - Stopped by Roberto Luongo with a rebound.
5:10 of 3rd period - Snap shot by Nikita Zadorov.
5:10 of 3rd period - Stopped by Roberto Luongo with a rebound.
5:12 of 3rd period - Slapshot by Nikita Zadorov.
5:12 of 3rd period - Shot Blocked by Shayne Gostisbehere.
5:14 of 3rd period - Slapshot by Travis Konecny.
5:14 of 3rd period - Stopped by Roberto Luongo without a rebound.
5:15 of 3rd period - Sebastian Aho wins face-off versus Filip Forsberg in Nordiques zone.
5:32 of 3rd period - Wrist shot by Patrick Kane.
5:32 of 3rd period - Stopped by Roberto Luongo with a rebound.
6:01 of 3rd period - Slapshot by Brendan Perlini.
6:01 of 3rd period - Shot Blocked by Morgan Rielly.
6:03 of 3rd period - Slapshot by Brendan Perlini.
6:03 of 3rd period - Shot Misses the Net.
6:05 of 3rd period - Slapshot by Brandon Montour.
6:05 of 3rd period - Deflect By Sean Kuraly.
6:05 of 3rd period - Goal by Sean Kuraly - Flyers : 2 - Nordiques : 2.
6:06 of 3rd period - Jamie Benn wins face-off versus Leon Draisaitl in neutral zone.
6:08 of 3rd period - Minor Penalty to Nick Holden for Hooking.
6:09 of 3rd period - Sebastian Aho wins face-off versus Filip Forsberg in Nordiques zone.
6:44 of 3rd period - Slapshot by Brandon Montour.
6:44 of 3rd period - Stopped by Roberto Luongo with a rebound.
6:46 of 3rd period - Slapshot by Brandon Montour.
6:46 of 3rd period - Shot Blocked by Ben Lovejoy.
8:08 of 3rd period - Penalty to Nick Holden is over, Nick Holden is back on ice.
8:08 of 3rd period - Evander Kane is hit by Travis Konecny and loses puck.
8:59 of 3rd period - Vincent Trocheck is hit by Connor Brown and loses puck.
9:21 of 3rd period - Icing by Evander Kane.
9:22 of 3rd period - Alexander Wennberg wins face-off versus Sean Kuraly in Nordiques zone.
9:27 of 3rd period - Wrist shot by Luke Glendening.
9:27 of 3rd period - Stopped by Casey DeSmith without a rebound.
9:28 of 3rd period - Leon Draisaitl wins face-off versus Sebastian Aho in Flyers zone.
9:33 of 3rd period - Wrist shot by Patrick Kane.
9:33 of 3rd period - Shot Misses the Net.
10:00 of 3rd period - Mathieu Perreault is hit by Filip Forsberg and loses puck.
10:17 of 3rd period - Snap shot by Leon Draisaitl.
10:17 of 3rd period - Stopped by Roberto Luongo with a rebound.
10:19 of 3rd period - Snap shot by Leon Draisaitl.
10:19 of 3rd period - Stopped by Roberto Luongo with a rebound.
10:29 of 3rd period - Snap shot by Patrick Kane.
10:29 of 3rd period - Shot Misses the Net.
10:31 of 3rd period - Wrist shot by Filip Forsberg.
10:31 of 3rd period - Goal by Filip Forsberg - Flyers : 3 - Nordiques : 2.
10:32 of 3rd period - Vincent Trocheck wins face-off versus Jamie Benn in neutral zone.
11:28 of 3rd period - Snap shot by Paul Carey.
11:28 of 3rd period - Shot Blocked by Mike Matheson.
11:30 of 3rd period - Slapshot by Nick Holden.
11:30 of 3rd period - Stopped by Casey DeSmith with a rebound.
11:39 of 3rd period - Off-side.
11:40 of 3rd period - Patrick Brown wins face-off versus Vincent Trocheck in neutral zone.
11:45 of 3rd period - Slapshot by Morgan Rielly.
11:45 of 3rd period - Shot Misses the Net.
12:27 of 3rd period - Snap shot by Jamie Benn.
12:27 of 3rd period - Shot Misses the Net.
12:29 of 3rd period - Snap shot by Jamie Benn.
12:29 of 3rd period - Shot Misses the Net.
12:31 of 3rd period - Slapshot by Morgan Rielly.
12:31 of 3rd period - Stopped by Casey DeSmith without a rebound.
12:32 of 3rd period - Sebastian Aho wins face-off versus Leon Draisaitl in Flyers zone.
12:39 of 3rd period - Snap shot by Jamie Benn.
12:39 of 3rd period - Stopped by Casey DeSmith without a rebound.
12:40 of 3rd period - Leon Draisaitl wins face-off versus Sebastian Aho in Flyers zone.
12:40 of 3rd period - Leon Draisaitl is hit by Patrick Marleau.
12:45 of 3rd period - Patrick Kane is hit by Ben Lovejoy and loses puck.
12:51 of 3rd period - Off-side.
12:52 of 3rd period - Sebastian Aho wins face-off versus Vincent Trocheck in neutral zone.
14:18 of 3rd period - Slapshot by Mathieu Perreault.
14:18 of 3rd period - Stopped by Casey DeSmith with a rebound.
14:20 of 3rd period - Wrist shot by Paul Carey.
14:20 of 3rd period - Stopped by Casey DeSmith with a rebound.
14:22 of 3rd period - Slapshot by Nick Holden.
14:22 of 3rd period - Shot Blocked by Mike Matheson.
14:53 of 3rd period - Slapshot by Connor Brown.
14:53 of 3rd period - Stopped by Casey DeSmith without a rebound.
14:54 of 3rd period - Vincent Trocheck wins face-off versus Sebastian Aho in Flyers zone.
15:05 of 3rd period - Wrist shot by Jamie Benn.
15:05 of 3rd period - Shot Misses the Net.
15:07 of 3rd period - Snap shot by Shayne Gostisbehere.
15:07 of 3rd period - Shot Blocked by Justin Faulk.
15:09 of 3rd period - Slapshot by Nick Holden.
15:09 of 3rd period - Stopped by Casey DeSmith with a rebound.
15:11 of 3rd period - Wrist shot by Sebastian Aho.
15:11 of 3rd period - Shot Misses the Net.
15:23 of 3rd period - Snap shot by Evander Kane.
15:23 of 3rd period - Shot Misses the Net.
15:25 of 3rd period - Snap shot by Alexander Wennberg.
15:25 of 3rd period - Shot Blocked by Jakub Vrana.
15:27 of 3rd period - Slapshot by Shayne Gostisbehere.
15:27 of 3rd period - Stopped by Casey DeSmith without a rebound.
15:28 of 3rd period - Alexander Wennberg wins face-off versus Kevin Fiala in Flyers zone.
15:57 of 3rd period - Icing by Patrick Kane.
15:58 of 3rd period - Sebastian Aho wins face-off versus Leon Draisaitl in Flyers zone.
15:59 of 3rd period - Snap shot by Jamie Benn.
15:59 of 3rd period - Stopped by Casey DeSmith without a rebound.
16:00 of 3rd period - Scott Laughton wins face-off versus Sebastian Aho in Flyers zone.
17:25 of 3rd period - Wrist shot by Mike Matheson.
17:25 of 3rd period - Deflect By Calle Jarnkrok.
17:25 of 3rd period - Stopped by Roberto Luongo without a rebound.
17:26 of 3rd period - Casey Cizikas wins face-off versus Patrick Brown in Nordiques zone.
17:56 of 3rd period - Slapshot by Morgan Rielly.
17:56 of 3rd period - Stopped by Casey DeSmith with a rebound.
18:16 of 3rd period - Slapshot by Morgan Rielly.
18:16 of 3rd period - Shot Misses the Net.
18:34 of 3rd period - Wrist shot by Leon Draisaitl.
18:34 of 3rd period - Stopped by Roberto Luongo with a rebound.
18:44 of 3rd period - Snap shot by Morgan Rielly.
18:44 of 3rd period - Stopped by Casey DeSmith without a rebound.
18:45 of 3rd period - Mike Kelly call a timeout for Nordiques.
18:45 of 3rd period - Mathieu Perreault wins face-off versus Casey Cizikas in Flyers zone.
19:10 of 3rd period - Vincent Trocheck is hit by Jamie Benn and loses puck.
19:13 of 3rd period - Nordiques, Roberto Luongo is pulled from the net.
19:47 of 3rd period - Slapshot by Patrick Kane.
19:47 of 3rd period - Goal by Patrick Kane - Flyers : 4 - Nordiques : 2.
19:47 of 3rd period - Roberto Luongo from Nordiques was sent back in the game.
19:48 of 3rd period - Leon Draisaitl wins face-off versus Sebastian Aho in neutral zone.
19:53 of 3rd period - Wrist shot by Patrick Kane.
19:53 of 3rd period - Stopped by Roberto Luongo with a rebound.
Goals for this period are 3 for Flyers vs 1 for Nordiques.
Shots for this period are 14 for Flyers vs 18 for Nordiques.